 Dungeon Crawl Stone Soup version 0.30-a0-135-g630cfc4551 (webtiles) character file.

Game seed: 16450037198071755418

25 NinjaNoafa the Sneak (level 3, 0/25 HPs)
             Began as a Gnoll Enchanter on Sept 20, 2022.
             Slain by an adder (2 damage)
             ... on level 2 of the Dungeon.
             The game lasted 00:02:44 (1637 turns).

NinjaNoafa the Sneak (Gnoll Enchanter)              Turns: 1637, Time: 00:02:45

Health: 0/25       AC:  2    Str:  7    XL:     3   Next: 6%
Magic:  9/9        EV: 17    Int: 16    God:
Gold:   44         SH:  0    Dex: 12    Spells: 12/12 levels left

rFire   . . .      SeeInvis .    a - +1 dagger
rCold   . . .      Faith    .    (no shield)
rNeg    . . .      Spirit   .    b - +0 robe
rPois   .          Reflect  .    (no helmet)
rElec   .          Harm     .    (no cloak)
rCorr   .          Rampage  .    (no gloves)
Will    .....                    (no boots)
Stlth   +++.......               (no amulet)
HPRegen 0.08/turn                i - +4 ring of evasion
MPRegen 0.11/turn                (no ring)

@: lethally poisoned (0 -> -2), flying, invisible
A: fangs 1, strong nose, distributed training
a: no special abilities


You were on level 2 of the Dungeon.
You visited 1 branch of the dungeon, and saw 2 of its levels.

You collected 44 gold pieces.

Inventory:

Hand Weapons
 a - a +1 dagger (weapon)
Missiles
 d - 7 stones (quivered)
Armour
 b - a +0 robe (worn)
Jewellery
 i - a +4 ring of evasion (left hand)
Scrolls
 e - 2 scrolls of teleportation {unknown}
 f - a scroll of blinking {unknown}
 g - 4 scrolls of identify {unknown}
Potions
 c - a potion of invisibility
 h - a potion of flight


   Skills:
 + Level 0.6 Fighting
 + Level 2.5 Short Blades
 + Level 0.6 Long Blades
 + Level 0.6 Axes
 + Level 0.6 Maces & Flails
 + Level 0.6 Polearms
 + Level 0.6 Staves
 + Level 0.6 Ranged Weapons
 + Level 0.6 Throwing
 + Level 0.6 Armour
 + Level 4.5 Dodging
 + Level 5.9 Stealth
 + Level 0.6 Shields
 + Level 0.6 Unarmed Combat
 + Level 5.0 Spellcasting
 + Level 0.4 Conjurations
 + Level 5.4 Hexes
 + Level 0.4 Summonings
 + Level 0.4 Necromancy
 + Level 0.4 Translocations
 + Level 0.4 Transmutations
 + Level 0.4 Fire Magic
 + Level 0.4 Ice Magic
 + Level 0.4 Air Magic
 + Level 0.4 Earth Magic
 + Level 0.4 Poison Magic
 + Level 0.8 Invocations
 + Level 0.6 Evocations


You had 12 spell levels left.
You didn't know any spells.
Your spell library contained the following spells:

 Spells                   Type           Power      Damage    Failure   Level
 Confusing Touch          Hex            21%        N/A       4%          3
 Tukima's Dance           Hex            21%        N/A       4%          3
 Ensorcelled Hibernation  Hex/Ice        26%        N/A       7%          2
 Dazzling Flash           Conj/Hex       26%        N/A       14%         3


Dungeon Overview and Level Annotations

Branches:
Dungeon (2/15)

Altars:


Innate Abilities, Weirdness & Mutations

You have very sharp teeth.
Your uncanny sense of smell can sniff out nearby items.
Your experience applies equally to all skills.


Message History

As you open the large door, it creaks loudly!
An adder comes into view.
The adder bites you. x2
You are poisoned.
The adder poisons you!
There is a large open door here.
You miss the adder.
You feel sick. The adder barely misses you.
You closely miss the adder.
You feel sick. The adder closely misses you.
You closely miss the adder.
You feel sick. The adder misses you.
You miss the adder.
You feel sick. The adder bites you.
You are more poisoned.
The adder poisons you!
You closely miss the adder.
You feel sick. The adder barely misses you.
You hit the adder but do no damage.
You feel sick. The adder bites you.
You are more poisoned.
The adder poisons you!
It was a potion of flight.
You feel very buoyant.
You fly up into the air.
You feel sick. The adder closely misses you. The adder bites you.
* * * LOW HITPOINT WARNING * * *
You fade into invisibility!
* * * LOW HITPOINT WARNING * * *
You feel sick. The adder closely misses you.
Okay, then.
* * * LOW HITPOINT WARNING * * *
You feel sick.
You hit the adder.
The adder is moderately wounded.
* * * LOW HITPOINT WARNING * * *
You feel sick. The adder closely misses you.
You hit the adder.
The adder is heavily wounded.
* * * LOW HITPOINT WARNING * * *
You feel sick. The adder bites you but does no damage.
You hit the adder. You punch the adder. Your bite misses the adder.
The adder is severely wounded.
* * * LOW HITPOINT WARNING * * *
You feel sick. The adder bites you.
You die...

#....#####........#
#..# #.# ###.#..#
#...##.#.# #..###.#
>...#..# #......#.#
#......# .......#
#...###########.####
#####..#####...#~~~~~~~
#.# #........#.#~.....
#.# #.########.#~.8#
#.# #.# #.'..#∆ #.# #.#
#.S@.#∆ ..# #.# #.#~..#
### ### #.# #.#~......
..# #.# #.#~~~~~~~~ #.#
#.###### #.#########
#.###......###.#####.#
#....................#
######################


You could see an adder (unable to see you).

Vanquished Creatures
  2 dart slugs
  An endoplasm (D:1)
  A giant cockroach (D:1)
  A hobgoblin (D:1)
  2 quokkas (D:2)
  4 bats
  2 frilled lizards (D:2)
  5 goblins (D:1)
  3 kobolds (D:1)
  A rat (D:1)
22 creatures vanquished.

Notes
Turn   | Place    | Note
-------+----------+-------------------------------------------
     0 | D:1      | NinjaNoafa the Gnoll Enchanter began the quest for the Orb.
     0 | D:1      | Reached XP level 1. HP: 13/13 MP: 6/6
   219 | D:1      | Reached XP level 2. HP: 19/19 MP: 7/7
  1127 | D:1      | Found a faded altar of an unknown god.
  1565 | D:2      | Reached skill level 5 in Spellcasting
  1565 | D:2      | Reached XP level 3. HP: 25/25 MP: 7/9
  1637 | D:2      | Slain by an adder

Illustrated notes

Levels and vault maps discovered:
D:1:      saegor_arrival_under_anarchy, layout_basic,
          ebering_ecumenical_altar_hall, minmay_misc_feat_rugged
D:2:      kennysheep_big_flooded_room, layout_loops_ring,
          kennysheep_generic_room_7

Skill      XL: |  1  2 |
---------------+-------+-----
Spellcasting   | 5 |  5.0
Fighting       | |  0.6
Short Blades   | |  2.5
Long Blades    | |  0.6
Axes           | |  0.6
Maces & Flails | |  0.6
Polearms       | |  0.6
Staves         | |  0.6
Ranged Weapons | |  0.6
Throwing       | |  0.6
Armour         | |  0.6
Dodging        | |  4.5
Stealth        | |  5.9
Shields        | |  0.6
Unarmed Combat | |  0.6
Conjurations   | |  0.4
Hexes          | |  5.4
Summonings     | |  0.4
Necromancy     | |  0.4
Translocations | |  0.4
Transmutations | |  0.4
Fire Magic     | |  0.4
Ice Magic      | |  0.4
Air Magic      | |  0.4
Earth Magic    | |  0.4
Poison Magic   | |  0.4
Invocations    | |  0.8
Evocations     | |  0.6

Action                   || total
-------------------------++-------
Melee: Dagger            ||    75
       Bite              ||     7
       Punch             ||     1
Throw: Stone             ||    20
  Use: Potion            ||     2
 Stab: Sleeping          ||     9
Armor: Robe              ||    21
Dodge: Dodged            ||    77

Table legend: (Time is in decaauts)
 A = Elapsed time spent in this place.
 B = Non-inter-level travel time spent in this place.
 C = Inter-level travel time spent in this place.
 D = Time resting spent in this place.
 E = Time spent auto-exploring this place.
 F = Levels seen in this place.
 G = Mean time per level.
                   A        B        C        D        E       F      G
               +--------+--------+--------+--------+--------+-----+--------+
         Total |   1631 |   1575 |     56 |      0 |   1324 |   2 |  815.5 |
       Dungeon |   1631 |   1575 |     56 |      0 |   1324 |   2 |  815.5 |
               +--------+--------+--------+--------+--------+-----+--------+

Top non-repeatable levels by time:
     D:1: 1238 daAuts
     D:2: 393 daAuts
